 Dungeon Crawl Stone Soup version 0.30-a0-172-gc5509c9e31 (webtiles) character file.

Game seed: 14778558717583507525

76 Sobieck the Sneak (level 4, -3/23 HPs)
             Began as a Vine Stalker Brigand on Oct 1, 2022.
             Splashed by a jelly's acid (5 damage)
             ... on level 2 of the Dungeon.
             The game lasted 00:02:45 (1269 turns).

Sobieck the Sneak (Vine Stalker Brigand)            Turns: 1269, Time: 00:02:46

Health: -3/23      AC:  0    Str: 13    XL:     4   Next: 32%
Magic:  0/5        EV: 11    Int: 11    God:
Gold:   107        SH:  0    Dex: 18    Spells: 3/3 levels left

rFire   . . .      SeeInvis +    a - +2 dagger {short}
rCold   . . .      Faith    .    (no shield)
rNeg    . . .      Spirit   +    b - +0 robe
rPois   .          Reflect  .    l - +0 helmet
rElec   .          Harm     .    c - +0 cloak
rCorr   .          Rampage  .    (no gloves)
Will    .....                    (no boots)
Stlth   ++++......               (no amulet)
HPRegen 1.03/turn                q - ring of see invisible
MPRegen 0.09/turn                (no ring)

@: corroded
A: fangs 2, regeneration 1, magic shield, antimagic bite, no potion heal 2
a: no special abilities


You were on level 2 of the Dungeon.
You visited 1 branch of the dungeon, and saw 2 of its levels.

You collected 107 gold pieces.


Innate Abilities, Weirdness & Mutations

You have extremely sharp teeth.
Your natural rate of healing is unusually fast.
When hurt, damage is shared between your health and your magic reserves.
Your bite disrupts and absorbs the magic of your enemies.
Potions cannot restore your health.


   Skills:
 - Level 1.7 Fighting
 - Level 1.7 Short Blades
 - Level 1.7 Throwing
 - Level 0.7 Dodging
 + Level 7.2 Stealth


You had 3 spell levels left.
You didn't know any spells.
Your spell library contained the following spells:

 Spells                   Type           Power      Damage    Failure   Level
 Beastly Appendage        Tmut           0%         N/A       34%         1
 Ensorcelled Hibernation  Hex/Ice        0%         N/A       47%         2
 Passwall                 Tmut/Erth      0%         N/A       47%         2
 Wereblood                Tmut           0%         N/A       47%         2
 Spider Form              Tmut/Pois      0%         N/A       71%         3
 Swiftness                Air            0%         N/A       71%         3

Inventory:

Hand Weapons
 a - a +2 dagger (weapon) {short}
 n - a +0 short sword of holy wrath {short}
   (You took it off a kobold on level 2 of the Dungeon)
Missiles
 d - 9 poisoned darts (quivered) {throwing}
 e - 3 curare-tipped darts {=fthrowing}
 j - 36 stones {throwing}
 r - 6 boomerangs {throwing}
Armour
 b - a +0 robe (worn)
 c - a +0 cloak (worn)
 i - a +0 scale mail
   (You found it on level 1 of the Dungeon)
 k - a +0 robe
   (You found it on level 1 of the Dungeon)
 l - a +0 helmet (worn)
   (You found it on level 1 of the Dungeon)
Magical Staves
 o - a staff of poison {!astaff}
   (You found it on level 2 of the Dungeon)
 w - a staff of poison {!astaff}
   (You found it on level 2 of the Dungeon)
Jewellery
 q - a ring of see invisible (left hand)
   (You found it on level 2 of the Dungeon)
 s - a ring of ice
   (You found it on level 2 of the Dungeon)
Scrolls
 f - 4 scrolls of identify {unknown}
 g - a scroll of fog {unknown}
 h - a scroll of noise {unknown}
 t - a scroll of teleportation {unknown}
 u - a scroll of vulnerability {unknown}
 x - a scroll of fear {unknown}
Potions
 m - a potion of might {unknown}
 p - a potion of mutation {unknown}
 v - a potion of cancellation {unknown}

Dungeon Overview and Level Annotations

Branches:
Dungeon (2/15) Zot: 10740

Altars:

# ##)##.####..)..###.....# #..
#.##..##.......##.....## ##.# #
#.######.......##......###.##
##.##.######)......###....#...##
..........##.......# #.#.######
#..##...#######....# #.#.# #.
###.# ##..'....# #.#.# # #.#
#.######## #.#.# #.# ##...)@J##
#...# #.#####.## #######'## ..#
#........# J...÷..J.# #######..#
.PJ..P.PJ# #†.# J.÷..P÷÷.#
#######.## ..JJJ.÷..# .........#
....JP...# #######.## $..÷÷÷..J#
#.# ###########.#


You could see a jelly.


Message History

Unknown command.
Unknown command.
There is an open gate here.
The helpless kobold fails to defend itself.
You skewer the kobold like a kebab!!!
You kill the kobold!
The kobold shouts! x4
The kobold throws a stone.
The stone closely misses you.
Unknown command.
The kobold attacks as you move away! The kobold closely misses you.
The kobold shouts!
The kobold throws a stone.
The stone barely misses you.
There is an open gate here.
The kobold attacks as you move away! The kobold misses you.
Unknown command.
You closely miss the kobold. The kobold closely misses you.
You miss the kobold. Your bite misses the kobold.
The kobold closely misses you.
You hit the kobold but do no damage. You bite the kobold. You drain its power.
The kobold hits you with a +0 dagger.
You hit the kobold.
You kill the kobold!
You hit the kobold.
You kill the kobold!
You hit the kobold.
You kill the kobold!
You barely miss the kobold. The kobold closely misses you.
You hit the kobold. You hit the kobold but do no damage.
The kobold hits you but does no damage.
You hit the kobold.
You kill the kobold!
You hit the kobold. You bite the kobold, but do no damage.
The kobold misses you.
You closely miss the kobold. The kobold barely misses you.
You barely miss the kobold. You bite the kobold.
You kill the kobold!
No target in view!
Unknown command.
j - 31 stones {throwing} (gained 7)
Items here: ))))) ††.
There is an open gate here.
j - 32 stones {throwing} (gained 1)
You see here a +0 short sword {short}.
w - a staff of poison {!astaff}
x - a scroll labelled SOJIXU GEXIN Unknown command.
You open the door.
There is an open door here.
A kobold comes into view. It is wielding a +0 dagger.
Danger!
The kobold shouts!
The kobold throws a stone.
The stone hits you but does no damage.
You hit the kobold. Your punch misses the kobold. You bite the kobold.
You kill the kobold!
No target in view!
j - 36 stones {throwing} (gained 4)
Things that are here:
a +0 dagger {short}; a kobold corpse You open the door.
A jelly and 2 endoplasms come into view.
Danger!
A jelly and 7 endoplasms come into view.
There is an open door here.
Unknown command.
Press: ? - help, v - describe, . - travel An open door.
Unknown command.
The endoplasm quivers. x2
The endoplasm closely misses you.
You hit the endoplasm. You bite the endoplasm. You drain its power.
The endoplasm barely misses you.
The endoplasm hits you but does no damage.
Unknown command.
The jelly quivers.
There is an open door here.
The endoplasm attacks as you move away! The endoplasm barely misses you.
The endoplasm attacks as you move away! The endoplasm hits you.
Things that are here:
a +0 dagger {short}; a kobold corpse Unknown command.
You hit the endoplasm.
You kill the endoplasm!
Things that are here:
a +0 dagger {short}; a kobold corpse You barely miss the jelly.
The jelly barely misses you.
You hit the jelly. The acid corrodes you!
Your hands burn!
You bite the jelly. You drain its power. The jelly hits you.
You are splashed with acid!
You are too injured to fight recklessly!
You are too injured to fight recklessly!
Unknown command.
You hit the jelly.
Your hands burn!
* * * LOW HITPOINT WARNING * * *
You bite the jelly. You drain its power.
You feel invigorated. The jelly hits you.
* * * LOW HITPOINT WARNING * * *
You are splashed with acid!
* * * LOW HITPOINT WARNING * * *
Unknown command.
You hit the jelly.
Your hands burn!
You die...

Skill      XL: |  1  2  3 |
---------------+----------+-----
Stealth        | 5 6 7 |  7.2
Fighting       | |  1.7
Short Blades   | |  1.7
Throwing       | |  1.7
Dodging        | |  0.7

Action                   |  1- 3 |  4- 6 || total
-------------------------+-------+-------++-------
Melee: Dagger            |    71 |    29 ||   100
       Bite              |     9 |    11 ||    20
 Stab: Sleeping          |    11 |     1 ||    12
Armor: Robe              |    19 |     3 ||    22
Dodge: Dodged            |    34 |    15 ||    49

Levels and vault maps discovered:
D:1:      eino_arrival_cavern_d, layout_loops_ring,
          dreamdust_ecumenical_altar_sealed_demon, st_stairs_6, minmay_cut_off
D:2:      cheibrodos_fertilizer, layout_loops_ring,
          chequers_serial_rivers_micro_a

Notes
Turn   | Place    | Note
-------+----------+-------------------------------------------
     0 | D:1      | Sobieck the Vine Stalker Brigand began the quest for the
                  | Orb.
     0 | D:1      | Reached XP level 1. HP: 11/11 MP: 2/2
   123 | D:1      | Reached skill level 5 in Stealth
   251 | D:1      | Reached XP level 2. HP: 15/15 MP: 3/3
   453 | D:1      | You pick up a book of Changes and begin reading...
   453 | D:1      | You add the spells Beastly Appendage, Wereblood and Spider
                  | Form to your library.
   464 | D:1      | Found a faded altar of an unknown god.
   464 | D:1      | Noticed a sun demon
   537 | D:1      | You pick up a book of Burglary and begin reading...
   537 | D:1      | You add the spells Passwall, Ensorcelled Hibernation and
                  | Swiftness to your library.
   695 | D:1      | Reached skill level 6 in Stealth
   722 | D:1      | Reached XP level 3. HP: 18/18 MP: 4/4
  1154 | D:2      | Reached skill level 7 in Stealth
  1154 | D:2      | Gained mutation: Your natural rate of healing is unusually
                  | fast. [Vine Stalker growth]
  1154 | D:2      | Reached XP level 4. HP: 18/23 MP: 5/5
  1268 | D:2      | HP: 2/23 [acid (5)]
  1269 | D:2      | Splashed by a jelly's acid

Vanquished Creatures
  3 adders (D:2)
  A worm (D:2)
  6 bats (D:1)
  2 endoplasms (D:2)
  3 giant cockroaches (D:1)
  2 hobgoblins
  10 kobolds
  3 quokkas
  5 ball pythons
  2 frilled lizards (D:1)
  3 goblins
  2 rats
42 creatures vanquished.

Vanquished Creatures (others)
  A fungus (D:2)
  11 toadstools (D:2)
12 creatures vanquished.

Grand Total: 54 creatures vanquished

Table legend:
 A = Non-vault XP
 B = Vault XP
 C = Vault XP percentage of total XP
 D = Non-vault monster count
 E = Vault monster count
 F = Vault count percentage of total count
                 A         B        C        D         E       F
            +---------+---------+-------+---------+---------+-------
      Total |      86 |      23 |  21.1 |      29 |      13 |  31.0
            +---------+---------+-------+---------+---------+-------
        D:1 |      26 |       8 |  23.5 |      16 |       5 |  23.8
        D:2 |      60 |      15 |  20.0 |      13 |       8 |  38.1
            +---------+---------+-------+---------+---------+-------

Illustrated notes

Table legend:
 A = Kills in this place as a percentage of kills in entire the game.
 B = Kills by you in this place as a percentage of kills by you in the entire game.
 C = Kills by friends in this place as a percentage of kills by friends in the entire game.
 D = Other kills in this place as a percentage of other kills in the entire game.
 E = Experience gained in this place as a percentage of experience gained in the entire game.
 F = Experience gained in this place divided by the number of levels of this place that you have seen.
                   A       B       C       D       E      F
               +-------+-------+-------+-------+-------+----------------------
         Total | 100.0 | 100.0 |   N/A |   N/A | 100.0 |  54.5
       Dungeon | 100.0 | 100.0 |   N/A |   N/A | 100.0 |  54.5
               +-------+-------+-------+-------+-------+----------------------

Table legend: (Time is in decaauts)
 A = Elapsed time spent in this place.
 B = Non-inter-level travel time spent in this place.
 C = Inter-level travel time spent in this place.
 D = Time resting spent in this place.
 E = Time spent auto-exploring this place.
 F = Levels seen in this place.
 G = Mean time per level.
                   A        B        C        D        E       F      G
               +--------+--------+--------+--------+--------+-----+--------+
         Total |   1259 |   1218 |     41 |     35 |    896 |   2 |  629.5 |
       Dungeon |   1259 |   1218 |     41 |     35 |    896 |   2 |  629.5 |
               +--------+--------+--------+--------+--------+-----+--------+

Top non-repeatable levels by time:
     D:1: 846 daAuts
     D:2: 412 daAuts
